 Dungeon Crawl Stone Soup version 0.27.1-2-g3b301248ec (webtiles) character file.

Game seed: 14350607853230710800

5378 Metae the Blocker (level 10, -7/139 HPs)
             Began as a Minotaur Fighter on Sept 22, 2021.
             Was an Initiate of Makhleb.
             Mangled by a daeva (27 damage)
             ... created by the Shining One
             ... on level 8 of the Dungeon.
             The game lasted 00:27:55 (10540 turns).

Metae the Blocker (Minotaur Fighter)               Turns: 10540, Time: 00:27:56

Health: -7/139     AC: 15    Str: 29    XL:     10   Next: 39%
Magic:  9/9        EV:  8    Int:  5    God:    Makhleb [......]
Gold:   427        SH: 12    Dex: 10    Spells: 9/9 levels left

rFire    + . .     SeeInvis .   y - +7 mace of the Hand {pain, *Rage rPois Str+5}
rCold    . . .     Faith    .   c - +0 kite shield
rNeg     . . .     Spirit   .   l - +0 chain mail
rPois    +         Reflect  .   (helmet restricted)
rElec    .         Harm     .   v - +0 cloak
rCorr    .         Rampage  .   m - +0 pair of gloves
Will     .....     Rnd*Rage +   B - +0 pair of boots
Stlth    ..........             g - amulet of the acrobat
HPRegen  0.33/turn              i - ring of protection from fire
MPRegen  0.11/turn              (no ring)

@: berserking, glowing, very quick
A: horns 2, retaliatory headbutt
a: Renounce Religion


You were on level 8 of the Dungeon.
You worshipped Makhleb.
Makhleb was noncommittal.
You visited 2 branches of the dungeon, and saw 9 of its levels.

You collected 427 gold pieces.

Inventory:

Hand Weapons
 a - a +0 trident of venom
 q - a +0 flail of holy wrath
 y - the +7 mace of the Hand (weapon) {pain, *Rage rPois Str+5}
   (You found it on level 7 of the Dungeon)

   In the hands of one skilled in necromantic magic, it inflicts extra damage on
   living creatures.
   Str:       It affects your strength (+5).
   rPois:     It protects you from poison.
   *Rage:     It may make you go berserk in combat.
 A - a +2 antimagic flail
Missiles
 t - a throwing net (quivered)
Armour
 c - a +0 kite shield (worn)
 l - a +0 chain mail (worn)
 m - a +0 pair of gloves (worn)
 p - a +0 plate armour
 v - a +0 cloak (worn)
 B - a +0 pair of boots (worn)
Jewellery
 g - an amulet of the acrobat (around neck)
 i - a ring of protection from fire (left hand)
 D - an amulet of guardian spirit
Wands
 b - a wand of iceblast (10)
 w - a wand of acid (1)
Scrolls
 d - a scroll of immolation
 e - a scroll of brand weapon
 h - a scroll of amnesia
 k - a scroll of blinking {unknown}
 s - 2 scrolls of enchant armour
 C - a scroll of teleportation {unknown}
 E - a scroll of noise {unknown}
 F - a scroll of holy word {unknown}
Potions
 f - a potion of mutation
 j - a potion of degeneration {unknown}
 n - a potion of cancellation {unknown}
 o - a potion of flight {unknown}
 r - 2 potions of curing {unknown}
 u - a potion of magic {unknown}
 x - a potion of haste {unknown}
 z - a potion of heal wounds {unknown}


   Skills:
 + Level 9.8 Fighting
 + Level 1.9 Maces & Flails
 - Level 9.2 Polearms
 + Level 9.8 Armour
 + Level 9.9 Shields
 + Level 0.3 Invocations
 + Level 1.9 Evocations


You had 9 spell levels left.
You didn't know any spells.
Your spell library contained the following spells:

 Spells                   Type           Power      Damage    Failure   Level
 Portal Projectile        Hex/Tloc       0%         N/A       100%        3
 Tukima's Dance           Hex            0%         N/A       100%        3
 Passage of Golubria      Tloc           N/A        N/A       100%        4
 Blade Hands              Tmut           0%         N/A       100%        5
 Excruciating Wounds      Necr           0%         N/A       100%        5
 Yara's Violent Unravell  Hex/Tmut       0%         3d3       100%        5


Dungeon Overview and Level Annotations

Branches:
Dungeon (8/15)             Temple (1/1) D:7
   Lair: D:8-11

Altars:
Ashenzari
Cheibriados
Dithmenos
Elyvilon
Gozag
Hepliaklqana
Makhleb
Nemelex Xobeh
Qazlal
Ru
Sif Muna
Uskayaw
Vehumet
Wu Jian
Xom
Yredelemnul
Zin
The Shining One

Shops:
D:1 =   D:7 [


Innate Abilities, Weirdness & Mutations

You have a pair of horns on your head.
You reflexively headbutt those who attack you in melee.


Message History

The daeva hits you with a +2 eudemon blade of holy wrath!!
The daeva hits you with a +2 eudemon blade of holy wrath!
The daeva blocks your attack.
Your headbutt misses the daeva.
The daeva is lightly wounded.
The daeva hits you with a +2 eudemon blade of holy wrath!
You block the daeva's attack.
The daeva calls down the wrath of the Shining One upon you.
The Shining One smites you! The daeva blocks your attack.
The daeva is lightly wounded.
The daeva hits you with a +5 long sword of holy wrath!
You block the daeva's attack. x2; The daeva hits you but does no damage.
The daeva blocks your attack.
The daeva is lightly wounded.
You block the daeva's attack.
The daeva hits you with a +2 eudemon blade of holy wrath.
You block the daeva's attack.
The daeva hits you with a +5 long sword of holy wrath.
You thump the daeva! Your headbutt misses the daeva.
The daeva is moderately wounded.
You block the daeva's attack.
The daeva hits you with a +5 long sword of holy wrath.
The daeva hits you with a +2 eudemon blade of holy wrath!!
* * * LOW HITPOINT WARNING * * *
The daeva hits you with a +2 eudemon blade of holy wrath.
* * * LOW HITPOINT WARNING * * *
You are too berserk!
You sock the daeva!
The daeva is moderately wounded.
The daeva hits you with a +2 eudemon blade of holy wrath.
* * * LOW HITPOINT WARNING * * *
You block the daeva's attack. The daeva hits you but does no damage.
The daeva hits you with a +5 long sword of holy wrath.
* * * LOW HITPOINT WARNING * * *
You are too berserk!
You are too berserk!
You hit the daeva. Your headbutt misses the daeva.
The daeva is lightly wounded.
The daeva hits you with a +5 long sword of holy wrath!!
You die...

#........# #.# #.#
#.(......# #.# #.#
#.######.# #.#####.#
#.# #.# #....##.# #.#
#.# ####.##.# #.#
#.#######.##.# #.#
#.........##.#
..#################.#
....)†.........A@A..#
#####################
# # # # #


You could see 2 daevas.

Vanquished Creatures
  Pikel (D:5)
  A gargoyle (D:7)
  A steam dragon (D:8)
  Grum (D:8)
  4 vampire mosquitoes (D:6)
  Menkaure (D:7)
  2 water moccasins
  A black bear (D:5)
  2 ice beasts (D:6)
  4 sky beasts
  2 orc warriors
  3 wolves (D:8)
  2 necrophages
  3 ogres
  2 centaurs
  A phantom (D:4)
  2 kobold brigands
  3 bullfrogs
  2 gnoll sergeants
  A scorpion (D:5)
  A water moccasin skeleton (D:4)
  A centaur zombie (D:7)
  4 bullfrog zombies
  2 centaur skeletons
  5 orc priests
  2 hounds
  5 jellies
  A bullfrog skeleton (D:5)
  Jessica (D:2)
  6 iguanas
  2 orc wizards
  2 killer bee zombies
  16 gnolls
  8 adders
  A shadow imp (D:8)
  An ufetubus (D:6)
  A worm (D:2)
  18 orcs
  5 bats
  6 endoplasms
  5 giant cockroaches
  7 goblins
  9 hobgoblins
  3 quokkas
  9 ball pythons
  6 frilled lizards
  15 kobolds
  A quokka skeleton (D:4)
  8 rats
  A spectral orc (D:3)
191 creatures vanquished.

Notes
Turn   | Place    | Note
-------+----------+-------------------------------------------
     0 | D:1      | Metae the Minotaur Fighter began the quest for the Orb.
     0 | D:1      | Reached XP level 1. HP: 19/19 MP: 0/0
    85 | D:1      | Reached XP level 2. HP: 24/27 MP: 1/1
   327 | D:1      | Found a faded altar of an unknown god.
   381 | D:1      | Found Gazi's Jewellery Shop.
   650 | D:1      | Reached XP level 3. HP: 30/33 MP: 2/2
  1342 | D:2      | Reached XP level 4. HP: 41/41 MP: 3/3
  1397 | D:2      | Noticed Jessica
  1419 | D:2      | Killed Jessica
  1745 | D:3      | Found a basalt altar of Yredelemnul.
  2341 | D:3      | Found a shimmering altar of Xom.
  2851 | D:4      | Found a hide-covered altar of Uskayaw.
  2877 | D:4      | Found a glowing silver altar of Zin.
  2930 | D:4      | Noticed a bullfrog
  2937 | D:4      | Killed a bullfrog
  2938 | D:4      | Reached XP level 5. HP: 44/47 MP: 4/4
  2973 | D:4      | Noticed an orc warrior
  3114 | D:4      | Reached skill level 5 in Fighting
  3125 | D:4      | Reached skill level 5 in Armour
  3125 | D:4      | Reached skill level 5 in Shields
  3142 | D:4      | Killed an orc warrior
  3143 | D:4      | Reached XP level 6. HP: 22/56 MP: 5/5
  3365 | D:4      | Found a sacrificial altar of Ru.
  3365 | D:4      | Found a hazy altar of Hepliaklqana.
  3799 | D:4      | Reached skill level 5 in Polearms
  3951 | D:4      | Reached XP level 7. HP: 62/62 MP: 6/6
  4080 | D:5      | Entered Level 5 of the Dungeon
  4086 | D:5      | Noticed Pikel
  4100 | D:5      | Killed Pikel
  4101 | D:5      | Reached XP level 8. HP: 43/71 MP: 7/7
  5497 | D:6      | Reached XP level 9. HP: 81/81 MP: 8/8
  7656 | D:7      | Found Aguff's Armour Boutique.
  7679 | D:7      | Noticed a gargoyle
  7699 | D:7      | Killed a gargoyle
  7700 | D:7      | Reached XP level 10. HP: 11/91 MP: 9/9
  8069 | D:7      | Noticed Menkaure
  8073 | D:7      | Killed Menkaure
  8896 | D:7      | Found a staircase to the Ecumenical Temple.
  9028 | D:7      | Identified the +7 mace of the Hand {pain, *Rage rPois
                  | Str+5}
  9490 | Temple   | Entered the Ecumenical Temple
  9709 | Temple   | Became a worshipper of the Shining One
  9720 | Temple   | Fell from the grace of the Shining One
  9720 | Temple   | Became a worshipper of Makhleb the Destroyer
  9812 | D:8      | Reached skill level 1 in Evocations
  9994 | D:8      | Noticed Grum
 10003 | D:8      | Reached skill level 1 in Maces & Flails
 10010 | D:8      | Killed Grum
 10531 | D:8      | Noticed a daeva
 10531 | D:8      | Noticed a daeva
 10540 | D:8      | Mangled by a daeva

Illustrated notes

Levels and vault maps discovered:
D:1:      heliophobic_arrival_dark_side_of_the_moon, layout_rooms, serial_shops,
          shop, chequers_ecumenical_altar_simple_redux, minmay_unequal
D:2:      layout_basic, chequers_mini_garden, uniq_jessica
D:3:      layout_basic, general_overflow_altar,
          yredelemnul_forgotten_temple_becter, minmay_misc_feat_square,
          minmay_misc_feat_columns
D:4:      layout_loops_ring, zin_scriptorium, overflow_temple_1_default,
          jmf_multi_god_temple, serial_rivers, chequers_serial_rivers_room_a,
          chequers_serial_rivers_micro_d, chequers_serial_rivers_marsh,
          chequers_serial_rivers_micro_e, chequers_serial_rivers_large_b,
          guppyfry_early_orc_mine
D:5:      layout_basic, small_statue_intersection, minmay_diced_spiral,
          uniq_pikel
D:6:      minmay_chambers_of_threes, layout_loops_corners
D:7:      layout_basic, minmay_temple_entry_mini_moons, serial_shops,
          nicolae_diamond_shop, minmay_hedge_maze, kennysheep_crisscross,
          uniq_menkaure
D:8:      layout_basic, uniq_harold, uniq_gastronok, uniq_grum
Temple:   minmay_temple_bridge_abc

Skill      XL: |  1  2  3  4  5  6  7  8  9 10 |
---------------+-------------------------------+-----
Fighting       | 4 5 6 7 9 |  9.8
Armour         | 4 5 6 7 9 |  9.8
Shields        | 4 5 6 7 9 |  9.9
Polearms       | 3 4 5 6 7 9 |  9.2
Evocations     | 1 |  1.9
Maces & Flails | 1 |  1.9
Invocations    | |  0.3

Action                   |  1- 3 |  4- 6 |  7- 9 | 10-12 || total
-------------------------+-------+-------+-------+-------++-------
Melee: Trident           |   100 |   119 |   305 |    37 ||   561
       Headbutt          |    10 |    22 |    64 |    15 ||   111
       Mace              |       |       |       |    52 ||    52
Evoke: Wand              |       |       |     1 |     8 ||     9
  Use: Scroll            |       |     1 |     2 |     4 ||     7
       Potion            |       |       |     1 |       ||     1
Armor: Scale mail        |    36 |       |       |       ||    36
       Chain mail        |       |    42 |   130 |    40 ||   212
Dodge: Dodged            |    32 |    29 |   101 |    42 ||   204
Block: Kite shield       |    50 |    42 |   189 |    79 ||   360
